 Dungeon Crawl Stone Soup version 0.30-a0-808-g6e0788376e (webtiles) character file.

Game seed: 1606831261164688069

17601 FexLirch the Summoner (level 12, -3/58 HPs)
             Began as a Felid Artificer on Feb 26, 2023.
             Was a High Priest of Nemelex Xobeh.
             Killed by an exploding themself (34 damage)
             ... ignited by their inner flame
             ... on level 5 of the Lair of Beasts on Feb 27, 2023.
             The game lasted 02:08:08 (19731 turns).

FexLirch the Summoner (Felid Artificer)            Turns: 19731, Time: 02:08:09

Health: -3/58      AC:  3    Str: 12    XL:     12   Next: 20%
Magic:  32/35      EV: 23    Int: 15    God:    Nemelex Xobeh [*****.]
Gold:   1185       SH:  0    Dex: 17    Spells: 18/29 levels left
                                        Lives:  0   Deaths: 3

rFire   . . .      SeeInvis +      - Unarmed
rCold   + . .      Faith    .    (shield unavailable)
rNeg    . . .      Spirit   .    (body armour unavailable)
rPois   .          Reflect  .    (helmet unavailable)
rElec   .          Harm     .    (cloak unavailable)
rCorr   .          Rampage  .    (gloves unavailable)
Will    +....                    (boots unavailable)
Stlth   ++                       a - amulet of magic regeneration
HPRegen 0.29/turn                L - ring of wizardry
MPRegen 0.64/turn                K - ring of magical power

@: quick
A: very small, claws 1, fangs 3, see invisible, speed 1, shaggy fur 3, stealthy
paws, no weapons or thrown items, no armour, multi-lived, robust 1, strong 1
a: Renounce Religion, Draw Escape, Draw Destruction, Draw Summoning, Triple
Draw, Deal Four, Stack Five


You were on level 5 of the Lair of Beasts.
You worshipped Nemelex Xobeh.
Nemelex Xobeh was extremely pleased with you.
You visited 3 branches of the dungeon, and saw 16 of its levels.
You also visited: Volcano.

You collected 1185 gold pieces.

Inventory:

Jewellery
 a - an amulet of magic regeneration (around neck)
 e - a +6 ring of strength
 n - a ring of flight
 r - an amulet of the acrobat
 C - an amulet of reflection
 H - a +6 ring of strength
 K - a ring of magical power (right paw)
 L - a ring of wizardry (left paw)
Wands
 b - a wand of charming (3)
 c - a wand of iceblast (1)
 D - a wand of paralysis (4)
 E - a wand of polymorph (18)
 F - a wand of flame (19)
 G - a wand of roots (2)
Scrolls
 d - 6 scrolls of poison
 j - 4 scrolls of vulnerability
 k - 2 scrolls of noise
 l - a scroll of blinking {unknown}
 s - 8 scrolls of teleportation
 t - 3 scrolls of fog {unknown}
 u - a scroll of enchant weapon {unknown}
 w - a scroll of fear
 x - 2 scrolls of torment {unknown}
 y - 2 scrolls of immolation
 I - a scroll of amnesia {unknown}
 M - a scroll of silence {unknown}
Potions
 f - 2 potions of invisibility {unknown}
 g - 2 potions of mutation
 h - 3 potions of curing
 i - 2 potions of haste
 m - 3 potions of flight
 o - 4 potions of ambrosia
 p - a potion of heal wounds
 q - 3 potions of might
 v - 7 potions of lignification
 z - a potion of magic {unknown}
 A - 2 potions of brilliance {unknown}
 B - 3 potions of attraction {unknown}
Miscellaneous
 J - a box of beasts (inert)


   Skills:
 + Level 6.6 Fighting
 + Level 9.3 Dodging
 - Level 1.3 Stealth
 - Level 2.7 Unarmed Combat
 + Level 9.0 Spellcasting
 - Level 7.5 Hexes
 * Level 13.6 Summonings
 + Level 6.4 Ice Magic
 + Level 9.7 Invocations
 - Level 3.2 Evocations


You had 18 spell levels left.
You knew the following spells:

 Your Spells              Type           Power      Damage    Failure   Level
a - Summon Small Mammal   Summ           100%       N/A       1%          1
b - Call Canine Familiar  Summ           47%        N/A       1%          3
c - Summon Guardian Gole  Hex/Summ       38%        N/A       1%          3
d - Summon Ice Beast      Ice/Summ       36%        N/A       1%          4

Your spell library contained the following spells:

 Spells                   Type           Power      Damage    Failure   Level
 Frozen Ramparts          Ice            52%        1d8       1%          3
 Dazzling Flash           Conj/Hex       36%        N/A       2%          3
 Magic Dart               Conj           24%        1d4       4%          1
 Cigotuvi's Dreadful Rot  Necr/Pois/Air  12%        N/A       6%          2
 Poisonous Vapours        Pois/Air       12%        N/A       6%          2
 Searing Ray              Conj           12%        2d4       6%          2
 Fulminant Prism          Conj/Hex       9%         3d7       9%          4
 Ice Form                 Ice/Tmut       16%        N/A       12%         4
 Kindle Blastsparks       Fire/Tloc/Air  12%        2d11      13%         3
 Mephitic Cloud           Conj/Pois/Air  6%         N/A       13%         3
 Iskenderun's Mystic Bla  Conj/Tloc      6%         2d4       38%         4
 Lee's Rapid Deconstruct  Erth           3%         3d5*      71%         5
 Starburst                Conj/Fire      3%         6d3       99%         6


Dungeon Overview and Level Annotations

Branches:
Dungeon (10/15)            Temple (1/1) D:4            Lair (5/5) D:8
 Shoals (0/4) Lair:3        Snake (0/4) Lair:2        Slime (0/5) Lair:4
    Orc (0/2) D:9         Volcano (visited)

Altars:
Ashenzari
Cheibriados
Dithmenos
Elyvilon
Fedhas
Gozag
Hepliaklqana
Kikubaaqudgha
Makhleb
Nemelex Xobeh
Okawaru
Qazlal
Ru
Sif Muna
Trog
Uskayaw
Vehumet
Wu Jian
Xom
Yredelemnul
The Shining One
Jiyva

Annotations:
D:3 Crazy Yiuf
Lair:1 exclusions: downstairs and oklob plant


Innate Abilities, Weirdness & Mutations

You have sharp claws.
You have razor-sharp teeth.
You have supernaturally acute eyesight. (SInv)
You cover ground quickly. (Speed+)
Your thick and shaggy fur keeps you warm. (AC +3, rC+)
Your paws help you pounce on unaware monsters.
You are incapable of wielding weapons or throwing items.
You cannot wear armour.
You gain extra lives every three experience levels.
You are robust. (+10% HP)
Your muscles are strong. (Str +4, Int/Dex -1)


Message History

The elephant tramples your ice beast but does no damage.
The elephant trunk-slaps your ice beast.
Your ice beast hits the elephant.
Your ice beast freezes the elephant!
Your wolf bites the elephant!
Your wolf bites the elephant but does no damage.
The elephant completely misses your ice beast.
The elephant closely misses your ice beast.
Your ice beast hits the elephant but does no damage.
Your wolf bites the elephant but does no damage.
A small abomination comes into view.
An elephant comes into view.
Your wolf bites the elephant!
Your ice beast hits the elephant but does no damage.
Okay, then.
Unknown command.
Your wolf bites the elephant.
The elephant tramples your guardian golem.
Your guardian golem stumbles backwards!
The elephant tramples your wolf!
Your wolf stumbles backwards!
A cane toad comes into view.
Your wolf bites the elephant.
The elephant dies!
Your guardian golem overheats!
Your ice beast barely misses the elephant.
Your wolf bites the elephant!
A wolf comes into view.
The elephant tramples your ice beast.
Your ice beast holds its ground!
Flame seeps out of your guardian golem.
The elephant trunk-slaps your ice beast but does no damage.
The elephant tramples your guardian golem!
Flame seeps out of your guardian golem.
Your guardian golem stumbles backwards!
Your wolf bites the elephant.
The elephant is engulfed in blazing flames.
The elephant tramples your guardian golem!
Your guardian golem stumbles backwards!
Your guardian golem disappears in a puff of smoke!
Your guardian golem explodes!
The fiery explosion engulfs you!!
Ouch! That really hurt!
You die...
Your body disappears without a glow.

.## #..# ## ##...##
... .
###.##..###i..#
..####.#.......#####
....................
..........@.........
.......x.§§§...F....
..........§§YYh.....
.♣..........Y.†.$...
♣♣♣♣♣♣♣#.[..h......
##♣###Y†.... h.....
...... ....#


You could see 3 elephants, a cane toad, a small abomination, 2 wolves, a
friendly ice beast (summoned, sheltered, drained) and a friendly wolf (summoned,
sheltered).

Vanquished Creatures
  Nessos (Lair:4)
  A hydra (Lair:3)
  A dancing weapon (Volcano)
  2 wizards (Volcano)
  A black mamba (Lair:4)
  A toenail golem (Volcano)
  Psyche (D:8)
  A dream sheep (Lair:4)
  4 yaks
  A spriggan (Lair:1)
  A shadow (D:8)
  A wraith (Lair:5)
  A wyvern (Lair:3)
  4 water moccasins
  An orc warrior (D:7)
  A wolf (Lair:4)
  3 centaurs (Lair:3)
  2 phantoms (D:5)
  2 bullfrogs
  4 necrophages
  A gnoll sergeant (D:10)
  4 killer bees
  3 jellies
  2 orc priests (D:6)
  An iguana (D:6)
  An orc wizard (D:4)
  Natasha (twice) (D:4)
  Robin (D:4)
  3 gnolls
  3 adders
  3 white imps (Lair:1)
  A worm (D:2)
  2 dart slugs
  13 orcs
  10 endoplasms
  4 giant cockroaches
  9 goblins
  9 hobgoblins
  2 jackals (D:2)
  6 quokkas
  10 ball pythons
  10 bats
  2 frilled lizards
  5 kobolds
  5 rats
146 creatures vanquished.

Vanquished Creatures (collateral kills)
  Josephine (Lair:5)
  A two-headed ogre (D:10)
  3 toenail golems (Volcano)
  13 elephants
  A cane toad (Lair:4)
  An orange demon (Lair:1)
  A komodo dragon (Lair:4)
  3 dream sheep (Lair:4)
  A shadow (D:9)
  2 wyverns
  10 yaks
  8 water moccasins
  2 ice beasts (D:8)
  2 orc warriors
  2 centaurs (Lair:3)
  An ogre (D:9)
  10 wolves
  A kobold brigand (D:9)
  A necrophage (D:6)
  2 scorpions
  6 bullfrogs
  2 gnoll sergeants (D:9)
  7 killer bees
  A nameless horror (D:6)
  2 howler monkeys
  An electric eel (D:8)
  6 jellies
  A gnoll bouda (D:8)
  A hound (D:5)
  5 orc priests
  2 iguanas
  2 orc wizards
  9 gnolls
  3 adders
  8 white imps
  22 orcs
  6 goblins (D:4)
  A hobgoblin (D:4)
  3 jackals (D:4)
  4 kobolds
158 creatures vanquished.

Vanquished Creatures (others)
  A dire elephant (Lair:2)
  A hydra (Lair:3)
  A skyshark (Lair:2)
  Amaemon (Lair:1)
  3 wizards (Volcano)
  A deep elf pyromancer (D:7)
  4 elephants (Lair:2)
  A toenail golem (Volcano)
  3 cane toads
  2 black mambas
  2 komodo dragons
  A troll (D:9)
  A slime creature (D:7)
  A blink frog (Lair:1)
  Sigmund (D:4)
  3 wyverns
  2 wraiths (Lair:5)
  9 yaks
  A basilisk (Lair:3)
  A vampire mosquito (D:7)
  Menkaure (D:6)
  Edmund (D:4)
  An acid dragon (D:8)
  6 orc warriors
  2 sky beasts
  7 wolves
  3 ogres
  A centaur (D:7)
  A kobold brigand (D:9)
  2 bullfrogs
  6 wights
  5 killer bees
  2 orc priests
  Natasha (D:4)
  An iguana (D:7)
  2 orc wizards (D:9)
  6 gnolls
  A white imp (Lair:1)
  2 orcs (D:6)
  A bush (Lair:1)
  102 fungi
  151 plants
345 creatures vanquished.

Grand Total: 649 creatures vanquished

Notes
Turn   | Place    | Note
-------+----------+-------------------------------------------
     0 | D:1      | FexLirch the Felid Artificer began the quest for the Orb.
     0 | D:1      | Reached XP level 1. HP: 9/9 MP: 2/2
   145 | D:1      | Reached XP level 2. HP: 12/12 MP: 3/3
   163 | D:1      | Found a large runed translucent door.
   163 | D:1      | Found a large runed translucent door.
   168 | D:1      | Found a viscous altar of Jiyva.
  1101 | D:2      | Reached XP level 3. HP: 16/16 MP: 4/4
  1709 | D:2      | You are sucked into a shaft and drop 2 floors!
  1774 | D:5      | Entered Level 5 of the Dungeon
  1797 | D:4      | Noticed an ogre
  1883 | D:4      | Noticed Edmund
  2013 | D:5      | Noticed a necrophage
  2023 | D:5      | Killed a necrophage
  2024 | D:5      | Reached skill level 5 in Dodging
  2024 | D:5      | Reached skill level 1 in Unarmed Combat
  2024 | D:5      | Reached XP level 4. HP: 20/21 MP: 5/5
  2032 | D:5      | Noticed a phantom
  2052 | D:5      | Killed a phantom
  2053 | D:5      | Reached XP level 5. HP: 10/24 MP: 6/6
  2134 | D:5      | Found a sparkling altar of Nemelex Xobeh.
  2144 | D:5      | Became a worshipper of Nemelex Xobeh the Trickster
  2176 | D:5      | Noticed an ogre
  2271 | D:7      | Noticed a sky beast
  2334 | D:7      | Gained mutation: You are covered in thick fur. (AC +2)
                  | [Felid growth]
  2334 | D:7      | Reached XP level 6. HP: 8/28 MP: 7/7
  2471 | D:7      | Noticed a vampire mosquito
  2778 | D:5      | Learned a level 1 spell: Summon Small Mammal
  2782 | D:5      | Learned a level 3 spell: Call Canine Familiar
  2927 | D:3      | Found a runed translucent door.
  2928 | D:3      | Noticed Crazy Yiuf
  3704 | D:1      | Reached skill level 1 in Hexes
  3704 | D:1      | Reached skill level 1 in Summonings
  4119 | D:3      | Reached * piety under Nemelex Xobeh
  4255 | D:3      | Found a faded altar of an unknown god.
  4328 | D:3      | Reached skill level 1 in Spellcasting
  4332 | D:3      | Found a bloodstained altar of Trog.
  4414 | D:3      | Found a hazy altar of Hepliaklqana.
  4492 | D:3      | Found a shimmering blue altar of Sif Muna.
  4615 | D:3      | Found a white marble altar of Elyvilon.
  4615 | D:3      | Found an ancient bone altar of Kikubaaqudgha.
  4854 | D:4      | Reached skill level 1 in Invocations
  5039 | D:4      | Reached skill level 2 in Summonings
  5058 | D:4      | Reached XP level 7. HP: 15/31 MP: 9/9
  5304 | D:4      | Noticed Natasha
  5351 | D:4      | Killed Natasha
  5363 | D:4      | Noticed Sigmund
  5368 | D:4      | Noticed Robin
  5377 | D:4      | Received a gift from Nemelex Xobeh
  5410 | D:4      | Killed Robin
  5606 | D:5      | Learned a level 3 spell: Summon Guardian Golem
  5781 | D:5      | Reached skill level 3 in Summonings
  6330 | D:4      | Found a shimmering altar of Xom.
  6417 | D:4      | Killed Sigmund
  6418 | D:4      | Reached skill level 4 in Summonings
  6418 | D:4      | Reached XP level 8. HP: 36/36 MP: 7/12
  6550 | D:4      | Found a staircase to the Ecumenical Temple.
  6560 | Temple   | Entered the Ecumenical Temple
  6708 | D:4      | Noticed Natasha
  6716 | D:4      | Killed Natasha
  6785 | D:4      | Noticed Natasha
  6799 | D:4      | Killed Natasha
  7000 | D:4      | Reached ** piety under Nemelex Xobeh
  7116 | D:4      | Killed Edmund
  7117 | D:4      | Reached skill level 5 in Hexes
  7117 | D:4      | Reached skill level 5 in Summonings
  8031 | D:6      | Found a stormy altar of Qazlal.
  8218 | D:6      | Found a sacrificial altar of Ru.
  8400 | D:6      | Reached skill level 6 in Summonings
  8400 | D:6      | Reached XP level 9. HP: 27/39 MP: 5/15
  8429 | D:6      | Noticed Menkaure
  8769 | D:6      | Killed Menkaure
  9449 | D:7      | Noticed a deep elf pyromancer
  9670 | D:7      | Killed a deep elf pyromancer
  9671 | D:7      | Reached skill level 7 in Summonings
  9865 | D:7      | Reached skill level 5 in Invocations
 10390 | D:7      | Reached skill level 5 in Spellcasting
 10529 | D:7      | Reached skill level 8 in Summonings
 10907 | D:7      | Reached XP level 10. HP: 30/42 MP: 12/18
 11020 | D:8      | Reached *** piety under Nemelex Xobeh
 11024 | D:8      | Found a hide-covered altar of Uskayaw.
 11025 | D:8      | Found an ornate altar of the Wu Jian Council.
 11314 | D:8      | Noticed Psyche
 11324 | D:8      | Reached skill level 9 in Summonings
 11359 | D:8      | Killed Psyche
 11571 | D:8      | Learned a level 4 spell: Summon Ice Beast
 11584 | D:8      | Found a staircase to the Lair.
 11585 | D:8      | Found a broken altar of Ashenzari.
 12093 | D:9      | Killed from afar by an orc wizard
 12094 | D:9      | Reached XP level 9. HP: -3/39 MP: 19/19
 12096 | D:9      | Reached skill level 1 in Ice Magic
 12451 | D:9      | Noticed a troll
 12552 | D:9      | Reached XP level 10. HP: 42/42 MP: 17/20
 12556 | D:9      | Reached skill level 10 in Summonings
 12791 | D:9      | Found a staircase to the Orcish Mines.
 12808 | D:9      | Received a gift from Nemelex Xobeh
 12906 | D:10     | Entered Level 10 of the Dungeon
 13002 | D:10     | Noticed a two-headed ogre
 13013 | D:10     | Killed a two-headed ogre
 13223 | D:10     | Noticed a tengu warrior
 13223 | D:10     | Noticed a wizard
 13223 | D:10     | Noticed a white ugly thing
 13223 | D:10     | Noticed a wizard
 13223 | D:10     | Noticed an orc knight
 13223 | D:10     | Found the +15 Maxwell's patent armour {-Cast -Tele rElec
                  | Will+ rCorr}
 13223 | D:10     | Noticed a skeletal warrior
 13224 | D:10     | Noticed a salamander
 13224 | D:10     | Noticed an orc knight
 13224 | D:10     | Noticed a centaur warrior
 13287 | Lair:1   | Entered Level 1 of the Lair of Beasts
 13299 | Lair:1   | Noticed Amaemon
 13304 | Lair:1   | Noticed an orange demon
 13311 | Lair:1   | Killed Amaemon
 13314 | Lair:1   | Killed an orange demon
 13627 | Lair:1   | Reached **** piety under Nemelex Xobeh
 13627 | Lair:1   | Noticed an oklob plant
 13748 | Lair:1   | Reached skill level 11 in Summonings
 13748 | Lair:1   | Reached XP level 11. HP: 16/45 MP: 15/22
 13979 | Lair:1   | Found a frozen archway.
 14096 | Lair:1   | Received a gift from Nemelex Xobeh
 15155 | Lair:2   | Noticed a skyshark
 15261 | Lair:2   | Received a gift from Nemelex Xobeh
 15527 | Lair:1   | Slain by a black mamba
 15528 | Lair:1   | Reached XP level 10. HP: 0/42 MP: 22/22
 15605 | Lair:1   | Killed a black mamba
 15642 | Lair:2   | Killed an elephant
 15645 | Lair:2   | Noticed an elephant
 15670 | Lair:2   | Noticed an elephant
 15676 | Lair:2   | Noticed an elephant
 15676 | Lair:2   | Noticed an elephant
 15701 | Lair:2   | Noticed an elephant
 15877 | Lair:2   | Noticed an elephant
 15891 | Lair:2   | Killed an elephant
 15957 | Lair:2   | Noticed an elephant
 15965 | Lair:2   | Noticed an elephant
 15972 | Lair:2   | Killed an elephant
 15981 | Lair:2   | Killed an elephant
 16030 | Lair:2   | Killed an elephant
 16060 | Lair:2   | Killed an elephant
 16061 | Lair:2   | Reached XP level 11. HP: 46/46 MP: 18/23
 16081 | Lair:2   | Reached skill level 12 in Summonings
 16446 | Lair:2   | Reached skill level 5 in Ice Magic
 16491 | Lair:2   | Reached skill level 5 in Fighting
 16618 | Lair:2   | Reached ***** piety under Nemelex Xobeh
 16660 | Lair:2   | Killed a skyshark
 16685 | Lair:2   | Found a staircase to the Snake Pit.
 16704 | Lair:2   | Received a gift from Nemelex Xobeh
 16724 | Lair:2   | Noticed a dire elephant
 16772 | Lair:2   | Killed a dire elephant
 17025 | Lair:3   | Received a gift from Nemelex Xobeh
 17036 | Lair:3   | Noticed a seven-headed hydra
 17044 | Lair:3   | Killed a seven-headed hydra
 17092 | Lair:3   | Gained mutation: Your thick and shaggy fur keeps you warm.
                  | (AC +3, rC+) [Felid growth]
 17092 | Lair:3   | Reached XP level 12. HP: 51/51 MP: 19/25
 17157 | Lair:3   | Noticed a five-headed hydra
 17168 | Lair:3   | Killed a five-headed hydra
 17250 | Lair:3   | Found a dark tunnel.
 17259 | Volcano  | Entered a volcano
 17313 | Volcano  | Reached skill level 13 in Summonings
 17427 | Volcano  | Gained mutation: Your muscles are strong. (Str +4, Int/Dex
                  | -1) [potion of mutation]
 17427 | Volcano  | Gained mutation: You are robust. (+10% HP) [potion of
                  | mutation]
 17428 | Volcano  | Killed from afar by a wizard
 17429 | Volcano  | Reached XP level 11. HP: -2/52 MP: 24/24
 17430 | Volcano  | Killed a wizard
 17495 | Volcano  | Noticed a +0 mace of flaming
 17550 | Volcano  | Killed a +0 mace of flaming
 17830 | Lair:3   | Found a staircase to the Shoals.
 18223 | Lair:3   | Received a gift from Nemelex Xobeh
 18467 | Lair:3   | Identified the +2 chain mail "Lyruer" {Harm rElec rPois
                  | Str+4}
 18717 | Lair:4   | Found a viscous altar of Jiyva.
 18936 | Lair:4   | Found a staircase to the Slime Pits.
 18937 | Lair:4   | Received a gift from Nemelex Xobeh
 19041 | Lair:4   | Received a gift from Nemelex Xobeh
 19274 | Lair:4   | Noticed Nessos
 19276 | Lair:4   | Killed Nessos
 19288 | Lair:4   | Reached XP level 12. HP: 58/58 MP: 25/25
 19683 | Lair:5   | Entered Level 5 of the Lair of Beasts
 19704 | Lair:5   | Noticed Josephine
 19719 | Lair:5   | Killed Josephine
 19731 | Lair:5   | Killed by an exploding themself... ignited by their inner
                  | flame

Illustrated notes

Levels and vault maps discovered:
D:1:      erik_arrival_cave_to_civilisation [erik_arrival_cave_to_temple],
          layout_loops_ring, chequers_serial_rivers_micro_c
D:2:      cheibrodos_greedy_goblins, layout_basic, grunt_ministairs_14
D:3:      layout_loops_ring, gammafunk_temple_overflow_pools,
          lemuel_coloured_pillars_altar, marbit_many_paths,
          mainiacjoe_overflow_chevrons, dreamdust_ecumenical_altar_grove,
          st_stairs_8, uniq_crazy_yiuf_cottage
D:4:      layout_loops_corners, mainiacjoe_overflow_tiny_flanked,
          minmay_temple_entry_statues, uniq_sigmund, uniq_edmund, uniq_robin,
          uniq_natasha
D:5:      layout_loops_ring, lemuel_round_altar
D:6:      layout_rooms, nicolae_ru_the_path_less_chosen, grunt_qazlal_sundering,
          kennysheep_big_empty_room, uniq_menkaure
D:7:      layout_basic, ebering_dispersal_statue_hall, minmay_manual_mess
D:8:      layout_rooms, nicolae_overflow_squiral, cheibrodos_ashenzari_chains,
          lair_entry_dummy, uniq_psyche
D:9:      layout_rooms, kennysheep_orc_monster_closet_entryway
D:10:     layout_big_octagon, zin_treasury, minivault_28
Temple:   kb_temple_of_zot
Lair:1:   layout_hall_layers, portal_ice_cave_entry_imps,
          minmay_lair_oklob_bushes, serial_bayou_shore_b, grunt_megastairs_3,
          uniq_amaemon
Lair:2:   mu_elephants_graveyard, layout_gridlike, dummy_snake_entry,
          serial_bayou_shore_a
Lair:3:   layout_layer_cave, minmay_shoals_entry_centaurs,
          nicolae_volcano_entry_hallway, grunt_megastairs_1,
          serial_bayou_shore_b
Lair:4:   layout_regular_city, nicolae_slime_entry_field_trip, uniq_nessos
Lair:5:   hellmonk_lair_end_abyssal_woods, layout_hall_layers,
          gammafunk_ghost_wrathful_warriors, pdpol_lair_neglected_garden,
          st_stairs_6, nicolae_lair_run_with_the_wolves, serial_bayou_shore_b,
          uniq_sonja, uniq_josephine

Skill      XL: |  1  2  3  4  5  6  7  8  9 10 11 12 |
---------------+-------------------------------------+-----
Dodging        | 4 5 6 9 |  9.3
Fighting       | 2 3 5 6 |  6.6
Unarmed Combat | 1 2 |  2.7
Hexes          | 2 4 6 7 |  7.5
Summonings     | 2 4 6 8 11 12 13 | 13.6
Spellcasting   | 1 2 3 5 7 8 9 |  9.0
Invocations    | 1 2 4 5 7 9 |  9.7
Ice Magic      | 2 3 6 |  6.4
Stealth        | |  1.3
Evocations     | |  3.2

Action                     |  1- 3 |  4- 6 |  7- 9 | 10-12 || total
---------------------------+-------+-------+-------+-------++-------
  Melee: Unarmed           |   164 |   204 |   165 |   144 ||   677
         Bite              |    20 |    20 |    20 |    14 ||    74
         Punch             |       |     6 |     6 |     6 ||    18
   Cast: Summon Small Mamm |       |    14 |    21 |     5 ||    40
         Call Canine Famil |       |       |    80 |   104 ||   184
         Summon Guardian G |       |       |    55 |   104 ||   159
         Summon Ice Beast  |       |       |     6 |    88 ||    94
 Invoke: Draw Destruction  |       |       |     1 |    17 ||    18
         Draw Summoning    |       |       |       |     1 ||     1
         Draw Stack        |       |       |       |     5 ||     5
         Draw Escape       |       |       |       |     3 ||     3
         Stack Five        |       |       |       |     1 ||     1
         Deal Four         |       |       |       |     1 ||     1
  Evoke: Wand              |     5 |    15 |     1 |    31 ||    52
         Box of beasts     |       |       |       |     1 ||     1
    Use: Scroll            |     2 |     2 |     3 |    10 ||    17
         Potion            |       |       |     1 |     7 ||     8
   Stab: Sleeping          |     9 |     2 |     1 |       ||    12
         Distracted        |       |       |     2 |     1 ||     3
         Paralysed         |       |       |       |     2 ||     2
 Armour: Skin              |     6 |    18 |    12 |    16 ||    52
  Dodge: Dodged            |   167 |   168 |   162 |   245 ||   742

Table legend: (Time is in decaauts)
 A = Elapsed time spent in this place.
 B = Non-inter-level travel time spent in this place.
 C = Inter-level travel time spent in this place.
 D = Time resting spent in this place.
 E = Time spent auto-exploring this place.
 F = Levels seen in this place.
 G = Mean time per level.
                   A        B        C        D        E       F      G
               +--------+--------+--------+--------+--------+-----+--------+
         Total |  17340 |  16124 |   1216 |   2424 |   6480 |  17 | 1020.0 |
       Dungeon |  12308 |  11360 |    948 |   1925 |   4616 |  10 | 1230.8 |
        Temple |     87 |     75 |     12 |      0 |     69 |   1 |   87.0 |
          Lair |   4555 |   4299 |    256 |    450 |   1794 |   5 |  911.0 |
       Volcano |    388 |    388 |      0 |     49 |      0 |   1 |  388.0 |
               +--------+--------+--------+--------+--------+-----+--------+

Top non-repeatable levels by time:
     D:7: 1985 daAuts
     D:4: 1850 daAuts
     D:8: 1771 daAuts
  Lair:1: 1456 daAuts
     D:5: 1391 daAuts
     D:1: 1358 daAuts
     D:6: 1300 daAuts
  Lair:2: 1179 daAuts
     D:2: 1061 daAuts
  Lair:3: 1044 daAuts
  Lair:4: 830 daAuts
     D:9: 688 daAuts
     D:3: 641 daAuts
 Volcano: 388 daAuts
    D:10: 260 daAuts
